 Dungeon Crawl Stone Soup version 0.29.1-4-g47bece8355 (webtiles) character file.

Game seed: 7268695014312119133

868 LustLizard the Skirmisher (level 7, 0/33 HPs)
             Began as a Spriggan Hunter on Dec 2, 2022.
             Shot with an arrow by a centaur (3 damage)
             ... on level 5 of the Dungeon on Dec 3, 2022.
             The game lasted 00:10:54 (5270 turns).

LustLizard the Skirmisher (Spriggan Hunter)         Turns: 5270, Time: 00:10:54

Health: 0/33       AC:  2    Str:  7    XL:     7   Next: 73%
Magic:  8/8        EV: 18    Int: 11    God:
Gold:   236        SH:  0    Dex: 20    Spells: 4/6 levels left

rFire   . . .      SeeInvis +   a - +0 shortbow
rCold   . . .      Faith    .   (shield currently unavailable)
rNeg    . . .      Spirit   .   c - +0 robe
rPois   .          Reflect  .   (helmet restricted)
rElec   .          Harm     .   (no cloak)
rCorr   .          Rampage  .   (gloves unavailable)
Will    +....                   (boots unavailable)
Stlth   ++++......              (no amulet)
HPRegen 0.11/turn               (no ring)
MPRegen 0.11/turn               (no ring)

@: very quick
A: very small, no large weapons, unfitting armour, see invisible, speed 3
a: no special abilities


You were on level 5 of the Dungeon.
You visited 1 branch of the dungeon, and saw 5 of its levels.

You collected 236 gold pieces.

Inventory:

Hand Weapons
 a - a +0 shortbow (weapon)
Armour
 c - a +0 robe (worn)
Wands
 u - a wand of flame (16)
Scrolls
 b - 4 scrolls of immolation
 d - 3 scrolls of identify
 h - 3 scrolls of teleportation
 j - a scroll of magic mapping {unknown}
 m - a scroll of brand weapon {unknown}
 n - a scroll of amnesia {unknown}
 o - 2 scrolls of acquirement {unknown}
 s - a scroll of enchant weapon {unknown}
 t - 3 scrolls of torment {unknown}
 v - a scroll of summoning {unknown}
Potions
 e - 2 potions of invisibility
 f - 2 potions of haste
 g - a potion of flight {unknown}
 i - 2 potions of resistance
 k - a potion of might
 l - a potion of brilliance {unknown}
 p - a potion of attraction {unknown}
 q - a potion of heal wounds {unknown}
 r - a potion of curing {unknown}


   Skills:
 - Level 1.5 Fighting
 * Level 8.0 Ranged Weapons
 - Level 2.6 Dodging
 + Level 7.6 Stealth
 - Level 3.5 Translocations


You had 4 spell levels left.
You knew the following spells:

 Your Spells              Type           Power      Damage    Failure   Level
a - Blink                 Tloc           14%        N/A       13%         2

Your spell library contained the following spells:

 Spells                   Type           Power      Damage    Failure   Level
 Manifold Assault         Tloc           7%         N/A       93%         5
 Storm Form               Tmut/Air       0%         N/A       100%        7


Dungeon Overview and Level Annotations

Branches:
Dungeon (5/15)
 Temple: D:4-7

Altars:
Makhleb

Shops:
D:1 [   D:3 (


Innate Abilities, Weirdness & Mutations

You are very small and have problems with some larger weapons.
You are too small for most types of armour.
You have supernaturally acute eyesight. (SInv)
You cover ground extremely quickly. (Speed+++)


Message History

You shoot an arrow. The arrow hits the necrophage!
You destroy the necrophage!
Your Ranged Weapons skill increases to level 8!
You start resting.
HP restored.
You see here a necrophage corpse.
The centaur shouts!
You hear a shout!
The centaur wields a +0 shortbow.
The centaur shoots an arrow.
The arrow misses you.
You see here a necrophage corpse.
There is a stone staircase leading up, spattered with blood here.
You start waiting.
A centaur is nearby!
Fire: a) +0 shortbow
Press: ? - help, Q - select action, (/) - cycle Shift-Dir - straight line, f - centaur
Aim: a centaur, wielding a +0 shortbow and quivering poisoned darts (76% to hit)
You shoot an arrow. The arrow hits the centaur!
The centaur is heavily wounded.
The centaur shoots an arrow.
The arrow hits you!
The centaur shoots an arrow.
The arrow hits you.
Fire: a) +0 shortbow
Press: ? - help, Q - select action, (/) - cycle Shift-Dir - straight line, f/p - centaur
Aim: a centaur, wielding a +0 shortbow and quivering poisoned darts (heavily wounded, 76% to hit)
You shoot an arrow. The arrow hits the centaur.
The centaur is severely wounded.
The centaur shoots an arrow.
The arrow hits you!
* * * LOW HITPOINT WARNING * * *
Fire: a) +0 shortbow
Press: ? - help, Q - select action, (/) - cycle Shift-Dir - straight line, f/p - centaur
Aim: a centaur, wielding a +0 shortbow and quivering poisoned darts (severely wounded, 76% to hit)
You shoot an arrow.
The arrow hits the centaur but does no damage.
The centaur is severely wounded.
The centaur shoots an arrow.
The arrow closely misses you.
Fire: a) +0 shortbow
Press: ? - help, Q - select action, (/) - cycle Shift-Dir - straight line, f/p - centaur
Aim: a centaur, wielding a +0 shortbow and quivering poisoned darts (severely wounded, 76% to hit)
You shoot an arrow. The arrow barely misses the centaur.
The centaur shoots an arrow.
The arrow hits you.
You die...

###.....##..............co#
#............######.####..
............## ###.#.....
..............####..c..#
...............†...#.###
.............c######.#
..............# #..
.......)......# #..#
#...>......@.## ....
#..........## .....
#.....<...## ....
###########


You could see a centaur.

Vanquished Creatures
  Edmund (D:4)
  Duvessa (D:4)
  An ice beast (D:5)
  2 necrophages
  A scorpion (D:4)
  Dowan (D:4)
  3 hounds
  An iguana (D:5)
  Ijyb (D:4)
  4 gnolls (D:3)
  7 adders
  An ufetubus (D:5)
  A worm (D:3)
  2 dart slugs
  6 orcs
  6 endoplasms
  2 giant cockroaches (D:2)
  10 hobgoblins
  9 kobolds
  5 quokkas
  6 ball pythons
  2 frilled lizards (D:1)
  3 goblins
  4 rats
80 creatures vanquished.

Vanquished Creatures (others)
  A plant (D:3)
1 creature vanquished.

Grand Total: 81 creatures vanquished

Notes
Turn   | Place    | Note
-------+----------+-------------------------------------------
     0 | D:1      | LustLizard the Spriggan Hunter began the quest for the Orb.
     0 | D:1      | Reached XP level 1. HP: 10/10 MP: 2/2
   148 | D:1      | Found a faded altar of an unknown god.
   168 | D:1      | Reached XP level 2. HP: 14/14 MP: 3/3
   501 | D:1      | Found Piec's Antique Armour Boutique.
   853 | D:2      | Reached XP level 3. HP: 18/18 MP: 4/4
  1313 | D:2      | Learned a level 2 spell: Blink
  1417 | D:3      | Reached skill level 5 in Ranged Weapons
  1437 | D:3      | Reached skill level 1 in Translocations
  1437 | D:3      | Reached XP level 4. HP: 22/22 MP: 5/5
  1446 | D:3      | Found a burning altar of Makhleb.
  1446 | D:3      | Noticed a green death
  1898 | D:3      | Found Ejig's Antique Weapon Boutique.
  2001 | D:3      | Reached XP level 5. HP: 19/25 MP: 6/6
  2871 | D:4      | Noticed Edmund
  3089 | D:4      | Killed Edmund
  3090 | D:4      | Reached skill level 6 in Ranged Weapons
  3090 | D:4      | Reached skill level 5 in Stealth
  3090 | D:4      | Reached XP level 6. HP: 30/30 MP: 7/7
  3265 | D:5      | Entered Level 5 of the Dungeon
  3295 | D:5      | Noticed Ijyb
  3570 | D:5      | Noticed Duvessa
  3575 | D:5      | Noticed Dowan
  3725 | D:5      | Reached XP level 7. HP: 31/33 MP: 8/8
  3864 | D:4      | Killed Ijyb
  3865 | D:4      | Reached skill level 7 in Ranged Weapons
  4445 | D:4      | Killed Duvessa
  4809 | D:4      | Killed Dowan
  5175 | D:5      | Reached skill level 8 in Ranged Weapons
  5270 | D:5      | Shot with an arrow by a centaur

Illustrated notes

Levels and vault maps discovered:
D:1:      lemuel_arrival_lava_pool, layout_loops_ring,
          hellmonk_ecumenical_altar_crossroads, serial_shops,
          nicolae_shop_statue_plus, minivault_19
D:2:      layout_loops_ring
D:3:      corexii_shack_village, layout_basic, makhleb_altar_promises_db,
          serial_shops, nicolae_shop_overgrown_old_shop
D:4:      layout_rooms, uniq_edmund
D:5:      layout_rooms, uniq_duvessa, uniq_ijyb

Skill      XL: |  1  2  3  4  5  6  7 |
---------------+----------------------+-----
Stealth        | 2 3 4 5 6 7 |  7.6
Ranged Weapons | 5 6 8 |  8.0
Translocations | 1 2 3 |  3.5
Fighting       | |  1.5
Dodging        | |  2.6

Action                   |  1- 3 |  4- 6 |  7- 9 || total
-------------------------+-------+-------+-------++-------
 Fire: Shortbow          |    95 |   164 |    87 ||   346
 Cast: Blink             |       |       |     1 ||     1
  Use: Scroll            |       |     3 |     1 ||     4
Armor: Robe              |     3 |     5 |       ||     8
Dodge: Dodged            |    20 |    57 |    17 ||    94
